 Dungeon Crawl Stone Soup version 0.31.0-32-g396128a36d (webtiles) character file.

Game seed: 17214723181370481992

2317 bnorton916 the Thaumaturge (level 9, -9/45 HPs)
             Began as a Deep Elf Fire Elementalist on Apr 9, 2024.
             Was an Initiate of Gozag.
             Shot with a sling bullet by Joseph (19 damage)
             ... on level 7 of the Dungeon.
             The game lasted 00:11:29 (7923 turns).

bnorton916 the Thaumaturge (DEFE)                   Turns: 7923, Time: 00:11:29

Health: -9/45      AC:  6    Str: 13    XL:     9   Next: 18%
Magic:  13/23      EV: 12    Int: 23    God:    Gozag
Gold:   145        SH:  0    Dex: 15    Spells: 9/24 levels left

rFire   . . .        (no weapon)
rCold   . . .        (no shield)
rNeg    . . .        a - +0 robe
rPois   .            (no helmet)
rElec   .            d - +0 cloak
rCorr   .            h - +1 pair of gloves
SInv    +            s - +0 pair of boots
Will    .....        (no amulet)
Stlth   ++           g - +6 ring of strength
HPRegen 0.27/turn    v - ring of see invisible
MPRegen 0.18/turn

%: no passive effects
@: unable to call your familiar
A: no striking features
a: Renounce Religion, Potion Petition, Call Merchant, Bribe Branch


You were on level 7 of the Dungeon.
You worshipped Gozag.
Gozag was aware of your devotion.
You visited 2 branches of the dungeon, and saw 8 of its levels.

You collected 570 gold pieces.
You spent 364 gold pieces at shops.
You paid 61 gold pieces to Gozag.

Inventory:

Hand Weapons
 t - a +2 dagger of draining
Armour
 a - a +0 robe (worn)
 d - a +0 cloak (worn)
 h - a +1 pair of gloves (worn)
 k - +0 acid dragon scales
 s - a +0 pair of boots (worn)
Magical Staves
 u - a staff of death
Jewellery
 e - a ring of resist corrosion
 g - a +6 ring of strength (left hand)
 v - a ring of see invisible (right hand)
Wands
 m - a wand of roots (6)
 r - a wand of flame (44)
 C - a wand of polymorph (12)
Scrolls
 c - a scroll of acquirement {unknown}
 i - a scroll of summoning
 j - 3 scrolls of fog
 w - a scroll of enchant armour {unknown}
 x - a scroll of immolation {unknown}
 y - a scroll of silence {unknown}
 z - 2 scrolls of identify
 B - 2 scrolls of vulnerability {unknown}
 D - a scroll of blinking {unknown}
Potions
 b - a potion of magic
 f - 2 potions of curing
 l - 2 potions of enlightenment {unknown}
 n - a potion of ambrosia {unknown}
 o - 3 potions of attraction {unknown}
 p - a potion of cancellation {unknown}
 q - a potion of invisibility {unknown}
 A - a potion of degeneration {unknown}
 E - a potion of heal wounds


   Skills:
 + Level 2.0 Armour
 - Level 2.4 Dodging
 - Level 2.4 Stealth
 - Level 8.4 Spellcasting
 - Level 6.9 Conjurations
 - Level 5.2 Summonings
 - Level 7.3 Fire Magic
 + Level 1.6 Ice Magic
 + Level 1.5 Air Magic


You had 9 spell levels left.
You knew the following spells:

 Your Spells              Type           Power      Damage    Failure   Level
a - Foxfire               Conj/Fire      100%       2x1d9     1%          1
b - Scorch                Fire           86%        2d8       1%          2
c - Call Canine Familiar  Summ           33%        N/A       2%          3
d - Flame Wave            Conj/Fire      42%        2d11      3%          4
e - Freezing Cloud        Conj/Ice/Air   12%        6-21      43%         5

Your spell library contained the following spells:

 Spells                   Type           Power      Damage    Failure   Level
 Inner Flame              Hex/Fire       26%        N/A       4%          3
 Volatile Blastmotes      Fire/Tloc      52%        2d14      4%          3
 Mephitic Cloud           Conj/Alch/Air  22%        N/A       6%          3
 Slow                     Hex            36%        N/A       7%          1
 Mercury Vapours          Alch/Air       26%        N/A       8%          2
 Confusing Touch          Hex            9%         N/A       21%         3
 Sigil of Binding         Hex            9%         N/A       21%         3
 Vampiric Draining        Necr           9%         2d6       21%         3
 Dimensional Bullseye     Hex/Tloc       4%         N/A       54%         4


Dungeon Overview and Level Annotations

Branches:
Dungeon (7/15)             Temple (1/1) D:6

Altars:
Ashenzari
Dithmenos
Elyvilon
Gozag
Hepliaklqana
Kikubaaqudgha
Nemelex Xobeh
Qazlal
Ru
Sif Muna
Trog
Uskayaw
Vehumet
Xom

Shops:
D:7 :

Annotations:
D:7 Joseph


Message History

Casting: Foxfire (safe; 1% risk of failure)
Confirm with . or Enter, or press ? or * to list all spells.
You conjure some foxfire!
The foxfire hits Joseph.
Joseph is moderately wounded.
The foxfire hits Joseph but does no damage.
Joseph is moderately wounded.
The foxfire hits Joseph!
Joseph is heavily wounded.
Casting: Foxfire (safe; 1% risk of failure)
Confirm with . or Enter, or press ? or * to list all spells.
Okay, then.
Casting: Foxfire (safe; 1% risk of failure)
Confirm with . or Enter, or press ? or * to list all spells.
You can't see any susceptible monsters within range! (Use Z to cast anyway.)
Casting: Foxfire (safe; 1% risk of failure)
Confirm with . or Enter, or press ? or * to list all spells.
You conjure some foxfire!
The foxfire hits Joseph.
Joseph is heavily wounded.
The foxfire hits Joseph.
Joseph is heavily wounded.
Unknown command.
Casting: Foxfire (safe; 1% risk of failure)
Confirm with . or Enter, or press ? or * to list all spells.
Flames lash Joseph.
Joseph is severely wounded.
Joseph's fire resistance burns away.
Joseph shoots a sling bullet.
The sling bullet hits you!
Joseph shoots a sling bullet.
The sling bullet hits you!
Unknown command.
Casting: Scorch (safe; 1% risk of failure)
Confirm with . or Enter, or press ? or * to list all spells.
Flames lash Joseph.
Joseph is burned terribly!
Joseph is almost dead.
Joseph shoots a sling bullet.
The sling bullet hits you!
* * * LOW HITPOINT WARNING * * *
Joseph shoots a sling bullet.
The sling bullet hits you!!
You die...
Your body crumbles into a pile of gold.

......... ##....
........ #....# .
###.... #....# ..
##... #....# ... #...
### ##....# ##...#
##..
...##.....#####.@...#
#..
..........#.........#
##.
#...........@......#
#.
##.......###......#
#. ##...#### ##....#
## ##....# #... #
######.....# .. #
..........## . #
..........# #
..........## . #
...#####...#
#..#######


You could see Joseph (combustible).

Vanquished Creatures
  3 water moccasins
  Duvessa (D:5)
  3 black bears (D:6)
  An ogre (D:5)
  A phantom (D:6)
  2 bullfrogs
  A scorpion (D:6)
  Dowan (D:5)
  5 killer bees (D:7)
  A howler monkey (D:6)
  4 bombardier beetles
  Crazy Yiuf (D:6)
  3 hounds
  4 jellies
  An orc priest (D:3)
  A sleepcap (D:6)
  3 iguanas (D:5)
  Ijyb (D:1)
  An orc wizard (D:3)
  8 adders
  2 dart slugs
  A ribbon worm (D:4)
  7 orcs
  11 endoplasms
  A giant cockroach (D:1)
  14 goblins
  6 hobgoblins
  8 jackals
  4 quokkas
  12 ball pythons
  2 bats (D:2)
  A frilled lizard (D:1)
  6 kobolds
  6 rats
127 creatures vanquished.

Vanquished Creatures (collateral kills)
  Maggie (D:6)
  2 foxfires (D:6)
3 creatures vanquished.

Vanquished Creatures (others)
  509 foxfires
509 creatures vanquished.

Grand Total: 639 creatures vanquished

Notes
Turn   | Place    | Note
-------+----------+-------------------------------------------
     0 | D:1      | bnorton916 the Deep Elf Fire Elementalist began the quest
                  | for the Orb.
     0 | D:1      | Reached XP level 1. HP: 10/10 MP: 6/6
   198 | D:1      | Reached XP level 2. HP: 15/15 MP: 6/8
   911 | D:1      | Learned a level 2 spell: Scorch
  1081 | D:2      | Reached XP level 3. HP: 19/19 MP: 8/10
  1552 | D:2      | Found a shimmering altar of Xom.
  1553 | D:2      | Noticed Ijyb
  1575 | D:2      | Reached skill level 4 in Spellcasting
  1704 | D:1      | Killed Ijyb
  1748 | D:1      | Reached XP level 4. HP: 22/24 MP: 7/12
  3276 | D:3      | Reached XP level 5. HP: 28/28 MP: 11/14
  3289 | D:3      | Reached skill level 5 in Spellcasting
  3680 | D:4      | Learned a level 3 spell: Call Canine Familiar
  3854 | D:4      | Found a shadowy altar of Dithmenos.
  3869 | D:4      | Reached skill level 5 in Fire Magic
  3869 | D:4      | Reached XP level 6. HP: 32/32 MP: 10/16
  3874 | D:4      | Learned a level 4 spell: Flame Wave
  3962 | D:4      | Reached skill level 1 in Summonings
  4491 | D:4      | Found an opulent altar of Gozag.
  4497 | D:4      | Became a worshipper of Gozag Ym Sagoz the Greedy
  4717 | D:5      | Entered Level 5 of the Dungeon
  4717 | D:5      | Noticed Duvessa
  4717 | D:5      | Noticed a water moccasin
  4726 | D:4      | Killed a water moccasin
  4727 | D:4      | Reached skill level 6 in Spellcasting
  5101 | D:5      | Killed Duvessa
  5102 | D:5      | Reached XP level 7. HP: 36/36 MP: 13/18
  5279 | D:5      | Noticed Dowan
  5284 | D:5      | Killed Dowan
  5423 | D:5      | Reached skill level 5 in Conjurations
  5610 | D:5      | Reached skill level 7 in Spellcasting
  6096 | D:6      | Reached XP level 8. HP: 41/41 MP: 15/20
  6274 | D:6      | Found a bloodstained altar of Trog.
  6540 | D:6      | Found a staircase to the Ecumenical Temple.
  6573 | D:6      | Reached skill level 8 in Spellcasting
  6582 | D:6      | Noticed Maggie
  6584 | Temple   | Entered the Ecumenical Temple
  6603 | D:6      | Killed Maggie
  6604 | D:6      | Reached skill level 5 in Summonings
  6961 | D:6      | Reached skill level 1 in Armour
  7013 | D:6      | Found a runed translucent door.
  7014 | D:6      | Noticed Crazy Yiuf
  7187 | D:6      | Reached XP level 9. HP: 45/45 MP: 17/23
  7361 | D:6      | Killed Crazy Yiuf
  7482 | D:7      | Found Toduvoep's Book Boutique.
  7486 | D:7      | Bought a book of Vapours for 364 gold pieces
  7492 | D:7      | Learned a level 5 spell: Freezing Cloud
  7648 | D:7      | Reached skill level 1 in Ice Magic
  7648 | D:7      | Reached skill level 1 in Air Magic
  7908 | D:7      | Noticed Joseph
  7923 | D:7      | Shot with a sling bullet by Joseph

Illustrated notes

Levels and vault maps discovered:
D:1:      amcnicky_arrival_gap_in_the_tavern_cellar, layout_basic
D:2:      kennysheep_the_goblin_king, layout_basic, basic_altar,
          minmay_liquid_box, minmay_misc_feat_x
D:3:      wander_river, layout_basic, minmay_misc_feat_rows,
          chequers_serial_rivers_large_a, minivault_25, minivault_19
D:4:      layout_rooms, mainiacjoe_overflow_cross_hatched, minmay_ruined_shrine
D:5:      layout_cave_pools, uniq_duvessa
D:6:      layout_loops_corners, trog_ov_bears_minmay,
          minmay_temple_entry_large_hall, uniq_crazy_yiuf_cottage, uniq_maggie
D:7:      layout_layer_cave, minitemple, serial_shops,
          nicolae_shop_back_alley_shop, uniq_maurice, uniq_joseph
Temple:   nicolae_temple_no_exploring_needed

Skill      XL: |  1  2  3  4  5  6  7  8  9 |
---------------+----------------------------+-----
Conjurations   | 2 3 4 5 6 |  6.9
Spellcasting   | 4 5 6 7 8 |  8.4
Fire Magic     | 4 5 6 7 |  7.3
Summonings     | 2 3 5 |  5.2
Armour         | 1 2 |  2.0
Ice Magic      | 1 |  1.6
Air Magic      | 1 |  1.5
Dodging        | |  2.4
Stealth        | |  2.4

Action                     |  1- 3 |  4- 6 |  7- 9 || total
---------------------------+-------+-------+-------++-------
   Cast: Foxfire           |    62 |   149 |    80 ||   291
         Scorch            |     5 |    19 |    25 ||    49
         Call Canine Famil |       |       |     4 ||     4
         Flame Wave        |       |       |     2 ||     2
    Use: Scroll            |       |     4 |     1 ||     5
         Potion            |       |       |     3 ||     3
 Armour: Robe              |    11 |    26 |    46 ||    83
  Dodge: Dodged            |    10 |    13 |    26 ||    49
